Description

asd

Replay - DPGCure v Maru: Game 1 - Deathaura LE

Build Order

Get SALT Encoding   

  12  0:00  SCV  
  13  0:12  SCV  
  14  0:16  Supply Depot  
  14  0:24  SCV  
  15  0:38  SCV  
  15  0:39  Barracks  
  16  0:43  Refinery  
  16  0:50  SCV  
  16  0:53  Refinery  
  17  1:02  SCV  
  18  1:14  SCV  Scout
  19  1:26  Reaper, Orbital Command  
  19  1:28  Supply Depot  
  20  1:41  Factory  
  20  1:52  SCV  
  21  1:59  Reaper  
  22  2:05  SCV  
  23  2:17  SCV  
  23  2:21  Command Center  
  24  2:28  Hellion  
  27  2:35  Supply Depot  Harass w 2 reapers
  27  2:38  Barracks Reactor  
  28  2:49  Starport  Send hellion to reapers
  28  2:52  Factory Tech Lab  
  29  3:11  Siege Tank  
  33  3:14  Refinery  
  33  3:16  Marine x2  
  35  3:26  Medivac  Tank+4 marine drop w reapers+hellion
  38  3:34  Marine x2  
  38  3:39  Orbital Command  
  41  3:46  Cyclone  
  44  3:53  Marine x2  
  47  3:58  Starport Tech Lab  
  47  4:02  Supply Depot  
  49  4:11  Marine x2  
  49  4:16  Raven  
  55  4:36  Marine x2  
  55  4:37  Siege Tank  
  54  4:55  Command Center  
  54  5:03  Raven  
  56  5:11  Siege Tank  
  56  5:14  Supply Depot  
  61  5:15  Refinery  
  62  5:29  Barracks x2  
  63  5:46  Engineering Bay x2, Siege Tank  Swap starport+barracks
  68  5:59  Viking x2  
  68  6:00  Stimpack  
  73  6:08  Orbital Command  
  73  6:14  Terran Infantry Weapons Level 1, Terran Infantry Armor Level 1  
  73  6:17  Barracks Reactor x2  
  77  6:27  Orbital Command, Siege Tank  
  79  6:37  Viking x2, Missile Turret  
  85  6:51  Barracks x2  Move tanks to cover 3rd
  89  7:04  Missile Turret  
  96  7:13  Sensor Tower  
  97  7:19  Refinery x2  
  97  7:21  Armory  
  99  7:24  Viking x2  
  111  7:37  Siege Tank  
  112  7:46  Barracks Reactor x2  
  114  7:54  Combat Shield  
  118  8:07  Medivac x2  
  126  8:19  Command Center  
  128  8:28  Terran Infantry Weapons Level 2, Terran Infantry Armor Level 2  
  128  8:29  Terran Vehicle Weapons Level 1  
  135  8:45  Siege Tank  
  135  8:47  Medivac x2  
  135  8:48  Factory  
  156  9:28  Missile Turret x2  Move tech rax to make reactor, Fly factory onto tech
  156  9:29  Siege Tank  
  156  9:30  Barracks Reactor  
  163  9:46  Siege Tank  
  172  9:58  Missile Turret x2  
Spawning Tool Build Advisor. Get it on Overwolf

Go to:

Details

  • Created by: zverb
  • Published on: Aug 07, 2020
  • Modified on: Aug 07, 2020
  • Patch: 4.11.0
  • Difficulty: Hard
Show
View Real Time Build Order
Export as new Build Order

Comments (0)

There are no comments. Be the first!

Create an account to comment!